 Dungeon Crawl Stone Soup version 0.19.0-11-g3fc08b3 (webtiles) character file.

56 cedor the Cudgeler (level 3, -6/33 HPs)
             Began as an Ogre Artificer on Nov 9, 2016.
             Killed by nerve-wracking pain
             ... invoked by Grinder
              (11 damage)
             ... on level 3 of the Dungeon.
             The game lasted 00:05:33 (2151 turns).

cedor the Cudgeler (Ogre Artificer)                 Turns: 2151, Time: 00:05:33

Health: -6/33      AC:  3    Str: 17    XL:     3   Next: 95%
Magic:  4/4        EV: 10    Int: 10    God:
Gold:   66         SH:  0    Dex: 11    Spells: 0 memorised, 2 levels left

rFire  . . .     SeeInvis .     a - +0 whip
rCold  . . .     Gourm    .     b - +0 robe
rNeg   . . .     Faith    .     (no shield)
rPois  .         Spirit   .     (helmet restricted)
rElec  .         Reflect  .     (no cloak)
rCorr  .         Harm     .     (gloves unavailable)
MR     .....                    (boots unavailable)
Stlth  +.........               (no amulet)
                                (no ring)
                                (no ring)

@: no status effects
A: unfitting armour, tough skin 1
a: no special abilities


You were on level 3 of the Dungeon.
You were not hungry.

You visited 1 branch of the dungeon, and saw 3 of its levels.

You collected 66 gold pieces.


Innate Abilities, Weirdness & Mutations

You are too large for most types of armour.
You have tough skin. (AC +1)


   Skills:
 + Level 1.5 Fighting
   Level 0.5 Short Blades
 + Level 4.4 Maces & Flails
 + Level 1.7 Dodging
 - Level 0.6 Stealth
 - Level 2.4 Evocations


You had 2 spell levels left.
You didn't know any spells.

Inventory:

Hand Weapons
 a - a +0 whip (weapon)
Missiles
 i - 145 stones (quivered)
Armour
 b - a +0 robe (worn)
Wands
 c - a wand of flame (15/48)
 d - a wand of enslavement (15/24)
 e - a wand of random effects (15/48)
Scrolls
 g - a scroll of teleportation {unknown}
 j - a scroll of immolation {unknown}
 k - a scroll of noise {unknown}
 m - a scroll of fear {unknown}
 n - 2 scrolls of remove curse {unknown}
 p - 4 scrolls of identify {unknown}
 t - a scroll of enchant armour {unknown}
Potions
 h - a potion of ambrosia {unknown}
 l - a potion of might {unknown}
 o - a potion of lignification {unknown}
 q - a potion of curing {unknown}
 r - a potion of degeneration {unknown}
 s - a potion of resistance {unknown}

Dungeon Overview and Level Annotations

Branches:
Dungeon (3/15)

Altars:

Annotations:
D:3 Grinder

▒.▒.▒.▒▒▒.▒▒▒.▒ ▒.
▒▒...▒▒ .... .▒▒
▒▒...▒ ▒.▒.. ..▒
▒▒▒<▒▒ ▒.▒.▒ ▒.▒
▒▒▒▒.▒.▒▒▒ ▒.▒.▒ ▒.▒
<...▒▒▒..▒▒ ▒.▒.▒ ▒.▒
.▒▒▒.▒....▒▒▒.▒.▒ ▒.▒
.▒
▒▒...........▒▒▒▒▒▒▒.▒
.▒
▒.....▒▒▒...O.5.....▒
.▒ ▒▒...▒▒
▒.▒.▒▒▒▒▒▒▒▒▒ .▒
▒▒.▒▒▒▒▒)▒.▒
.▒▒▒▒▒▒.........▒
..............▒▒▒
.▒▒▒▒▒▒▒▒▒▒▒▒▒▒ .▒ .▒
.▒


You could see Grinder.


Message History

The rat bites you.
You hit the rat.
You kill the rat!
No target in view!
You start resting.
HP restored.
All of the chunks of flesh in your inventory have rotted away.
An orc and an orc wizard come into view.
Found 10 gold pieces.
You now have 66 gold pieces (gained 10).
Grinder comes into view.
Grinder shouts!
Grinder blinks!
You barely miss Grinder. Grinder hits you.
You writhe in agony.
You hit Grinder.
Grinder is lightly wounded.
Grinder hits you!
* * * LOW HITPOINT WARNING * * *
You writhe in agony.
* * * LOW HITPOINT WARNING * * *
You closely miss Grinder.
Grinder is lightly wounded.
Grinder hits you!
* * * LOW HITPOINT WARNING * * *
You writhe in agony.
* * * LOW HITPOINT WARNING * * *
Grinder says, "DUCK!"
Grinder gestures at you. Pain shoots through your body!
You die...

Action                   || total
-------------------------++-------
Melee: Club              ||    70
       Short sword       ||     2
       Whip              ||    64
 Stab: Sleeping          ||     2
  Eat: Bread ration      ||     1
Armor: Robe              ||    54
Dodge: Dodged            ||    86

Vault maps used:
D:1:      saegor_arrival_simple_c, st_stairs_9
D:2:      eat_drink_and_be_merry_uskayaw, roderic_bali_sauvastika,
          minmay_misc_feat_tiny, roderic_serpentine_path
D:3:      gammafunk_temple_overflow_pools, overflow_temple_1_default,
          first_bread, minmay_misc_feat_more_columns, minmay_bisected,
          uniq_terence, uniq_grinder

Notes
Turn   | Place    | Note
-------+----------+-------------------------------------------
     0 | D:1      | cedor the Ogre Artificer began the quest for the Orb.
     0 | D:1      | Reached XP level 1. HP: 19/19 MP: 2/2
    55 | D:1      | Reached skill level 1 in Maces & Flails
    63 | D:1      | Reached skill level 2 in Maces & Flails
    63 | D:1      | Reached XP level 2. HP: 5/27 MP: 3/3
  1120 | D:1      | Reached skill level 3 in Maces & Flails
  1426 | D:3      | Reached XP level 3. HP: 14/33 MP: 4/4
  1866 | D:3      | Reached skill level 4 in Maces & Flails
  2139 | D:3      | Noticed Grinder
  2151 | D:3      | Killed from afar by Grinder

Vanquished Creatures
  2 adders (D:3)
  A howler monkey skeleton (D:3)
  A dart slug (D:1)
  A leopard gecko (D:3)
  A ball python (D:1)
  3 bats
  2 giant cockroaches (D:1)
  5 goblins
  3 hobgoblins
  2 kobolds
  3 rats
24 creatures vanquished.
